 Dungeon Crawl Stone Soup version 0.29-a0-1027-gcd8c55af63 (webtiles) character file.

Game seed: 13161999983829551980

231 ragingrage the Chopper (level 5, -1/41 HPs)
             Began as a Demonspawn Chaos Knight on Aug 13, 2022.
             Was a Plaything of Xom.
             Slain by Sigmund
             ... wielding a +0 scythe
              (10 damage)
             ... on level 3 of the Dungeon.
             The game lasted 00:01:36 (1309 turns).

ragingrage the Chopper (Demonspawn Chaos Knight)    Turns: 1309, Time: 00:01:37

Health: -1/41      AC:  7    Str: 15    XL:     5   Next: 72%
Magic:  5/5        EV: 11    Int: 13    God:    Xom [....*.]
Gold:   91         SH:  0    Dex: 12    Spells: 4/4 levels left

rFire   . . .      SeeInvis .   a - +0 hand axe (chaos)
rCold   . . .      Faith    .   (no shield)
rNeg    . . .      Spirit   .   b - +2 leather armour
rPois   .          Reflect  .   (no helmet)
rElec   .          Harm     .   (no cloak)
rCorr   .          Rampage  .   f - +0 pair of gloves
Will    .....                   e - +0 pair of boots
Stlth   +.........              (no amulet)
HPRegen 0.13/turn               (no ring)
MPRegen 0.18/turn               (no ring)

@: mighty, brilliant, invisible
A: spiny 2, magic regeneration
a: Renounce Religion


You were on level 3 of the Dungeon.
You worshipped Xom.
You were a beloved toy of Xom.
You visited 1 branch of the dungeon, and saw 4 of its levels.

You collected 91 gold pieces.

Inventory:

Hand Weapons
 a - a +0 hand axe of chaos (weapon)
Armour
 b - a +2 leather armour (worn)
 e - a +0 pair of boots (worn)
 f - a +0 pair of gloves (worn)
Scrolls
 h - 3 scrolls of enchant weapon {unknown}
 i - a scroll of immolation {unknown}
 j - a scroll of summoning {unknown}
 k - 2 scrolls of identify {unknown}
 n - a scroll of noise {unknown}
Miscellaneous
 c - a piece from Xom's chessboard (15/15) (quivered)


   Skills:
 - Level 3.0 Fighting
 + Level 5.9 Axes
 - Level 1.7 Armour
 - Level 0.8 Dodging


You had 4 spell levels left.
You didn't know any spells.
Your spell library contained the following spells:

 Spells                   Type           Power      Damage    Failure   Level
 Gell's Gravitas          Tloc           0%         N/A       75%         3
 Summon Guardian Golem    Hex/Summ       0%         N/A       75%         3
 Teleport Other           Tloc           0%         N/A       75%         3
 Dispersal                Tloc           0%         N/A       100%        6
 Orb of Destruction       Conj           0%         9d5       100%        7
 Spellforged Servitor     Conj/Summ      0%         N/A       100%        7


Dungeon Overview and Level Annotations

Branches:
Dungeon (4/15)
 Temple: D:4-7

Altars:
Ashenzari

Annotations:
D:3 Sigmund


Innate Abilities, Weirdness & Mutations

You are mostly covered in sharp spines.
You regenerate magic rapidly.


Message History

The hobgoblin is struck by your spines.
You kill the hobgoblin!
The rat is struck by your spines. The rat bites you.
The gnoll hits you from afar with a +0 spear.
The rat attacks as you move away! The rat bites you.
* * * LOW HITPOINT WARNING * * *
Xom's power touches on a nearby monster.
The gnoll is moving more slowly.
You are now a beloved toy of Xom.
The rat attacks as you move away! The rat is struck by your spines.
You kill the rat!
It was a potion of might.
You feel very mighty all of a sudden. Sigmund hits you but does no damage.
It was a potion of brilliance.
You feel clever all of a sudden. Sigmund barely misses you.
You fade into invisibility!
Sigmund barely misses you.
You hit Sigmund. You burn Sigmund.
Sigmund is moderately wounded.
Sigmund gestures wildly while chanting.
Sigmund flickers and vanishes!
Deactivating autopickup; reactivate with Ctrl-A.
You closely miss something. Something hits you.
* * * LOW HITPOINT WARNING * * *
You slash something! You burn something.
The helpless gnoll fails to defend itself.
You slash the gnoll! You freeze the gnoll.
The gnoll is heavily wounded.
The helpless gnoll fails to defend itself.
You slash the gnoll! You freeze the gnoll.
You kill the gnoll!
Something hits you.
* * * LOW HITPOINT WARNING * * *
Something hits you.
* * * LOW HITPOINT WARNING * * *
Something hits you!
You die...
Xom yawns loudly!

# ### #..#.......# ..#
####.####..#...######..#.
.........................
####.....................
#.........(..)........
##..........##..####.#
#....###......†......#
#....#_#....##..#######.##
#....#+#......@...........
######.#######..#######.##
# #..#.##.##.)#
#.##.....).....#
#...?.....†..#.##
.#...#.##.#.#...
#................
###.#.##.#.......#
#.#g##.#........


There were no monsters in sight!

Vanquished Creatures
  A bullfrog (D:4)
  A howler monkey (D:4)
  A hound (D:4)
  4 gnolls (D:3)
  An adder (D:4)
  4 dart slugs
  2 orcs (D:4)
  6 ball pythons
  2 bats (D:1)
  4 endoplasms
  3 goblins
  7 hobgoblins
  5 kobolds
  3 frilled lizards
  4 rats
48 creatures vanquished.

Vanquished Creatures (others)
  2 plants (D:4)
2 creatures vanquished.

Grand Total: 50 creatures vanquished

Notes
Turn   | Place    | Note
-------+----------+-------------------------------------------
     0 | D:1      | ragingrage the Demonspawn Chaos Knight began the quest for
                  | the Orb.
     0 | D:1      | Reached XP level 1. HP: 18/18 MP: 1/1
   150 | D:1      | XOM: smoke on damage
   152 | D:1      | Reached skill level 3 in Axes
   245 | D:1      | XOM: potion effect (brilliance)
   248 | D:1      | Gained mutation: You regenerate magic rapidly. [demonic
                  | ancestry]
   248 | D:1      | Reached XP level 2. HP: 22/24 MP: 2/2
   601 | D:1      | Gained mutation: You are partially covered in sharp spines.
                  | [demonic ancestry]
   601 | D:1      | Reached XP level 3. HP: 29/29 MP: 3/3
   721 | D:1      | XOM: noise
   757 | D:2      | You fall into a shaft and drop 2 floors!
   802 | D:4      | Reached skill level 4 in Axes
   917 | D:4      | Gained mutation: You are mostly covered in sharp spines.
                  | [demonic ancestry]
   917 | D:4      | Reached XP level 4. HP: 31/35 MP: 4/4
  1037 | D:4      | Reached skill level 5 in Axes
  1067 | D:4      | Noticed a bullfrog
  1072 | D:4      | Killed a bullfrog
  1073 | D:4      | Reached XP level 5. HP: 29/41 MP: 5/5
  1081 | D:3      | Found a broken altar of Ashenzari.
  1268 | D:3      | Noticed Sigmund
  1287 | D:3      | XOM: enchant monster (good)
  1309 | D:3      | Slain by Sigmund

Illustrated notes

Levels and vault maps discovered:
D:1:      dpeg_arrival_stone_temple_mockup, layout_basic
D:2:      layout_rooms, serial_shops, shop, grunt_decor_resistance,
          uniq_jessica, uniq_robin
D:3:      layout_basic, ashenzari_conservatory_becter, uniq_sigmund
D:4:      layout_loops_cross, general_overflow_altar, chequers_big_river

Skill      XL: |  1  2  3  4 |
---------------+-------------+-----
Axes           | 3 4 5 |  5.9
Fighting       | |  3.0
Armour         | |  1.7
Dodging        | |  0.8

Action                   |  1- 3 |  4- 6 || total
-------------------------+-------+-------++-------
Melee: Hand axe          |    78 |    36 ||   114
       Punch             |     2 |     1 ||     3
  Use: Potion            |       |     4 ||     4
       Scroll            |       |     1 ||     1
 Stab: Petrified         |       |     2 ||     2
       Paralysed         |       |     1 ||     1
Armor: Leather armour    |    24 |    11 ||    35
Dodge: Dodged            |    41 |    13 ||    54

Table legend: (Time is in decaauts)
 A = Elapsed time spent in this place.
 B = Non-inter-level travel time spent in this place.
 C = Inter-level travel time spent in this place.
 D = Time resting spent in this place.
 E = Time spent auto-exploring this place.
 F = Levels seen in this place.
 G = Mean time per level.
                   A        B        C        D        E       F      G
               +--------+--------+--------+--------+--------+-----+--------+
         Total |   1319 |   1278 |     41 |     71 |    875 |   4 |  329.8 |
       Dungeon |   1319 |   1278 |     41 |     71 |    875 |   4 |  329.8 |
               +--------+--------+--------+--------+--------+-----+--------+

Top non-repeatable levels by time:
     D:1: 765 daAuts
     D:4: 320 daAuts
     D:3: 233 daAuts
